IL
SCRANTON WB RAILRIDERS @ FRESNO GRIZZLIES
07/02/2049
 
TOP OF THE 1ST
Scranton WB RailRiders batting - Pitching for Fresno Grizzlies : RHP Andy Montelongo
Pitching: RHP Andy Montelongo
Batting: SHB Jay Gagnon 0-0: Ball
1-0: Called Strike
1-1: Ball
2-1: Foul Ball, location: 2F
2-2: Ball
3-2: Foul Ball, location: 2F
3-2: Base on Balls
Batting: RHB Andy Wasierski 0-0: Foul Ball, location: 2F
0-1: Called Strike
Jay Gagnon steals 2nd base (no throw)
0-2: Ball
1-2: Ball
2-2: Ball
3-2: Strikes out swinging
Batting: RHB Devon Utley 0-0: Ball
Jay Gagnon steals 3rd base
1-0: Swinging Strike
1-1: Swinging Strike
1-2: Ground out 6-3 (Groundball, 6, EV 100.0 MPH)
Jay Gagnon scores
Batting: LHB Aaron Joyner 0-0: Ball
1-0: Swinging Strike
1-1: Foul Ball, location: 2F
1-2: Ball
2-2: Foul Ball, location: 2F
2-2: Fly out, F5 (Line Drive, 5, EV 66.9 MPH)
Top of the 1st over - 1 run, 0 hits, 0 errors, 0 left on base; Scranton WB 1 - Fresno 0
BOTTOM OF THE 1ST
Fresno Grizzlies batting - Pitching for Scranton WB RailRiders : LHP Omar Quinones
Pitching: LHP Omar Quinones
Batting: LHB Danny Wolver 0-0: Called Strike
0-1: Ball
1-1: Ground out 4-3 (Groundball, 4, EV 76.9 MPH)
Batting: RHB Kyle Davis 0-0: Ball
1-0: Ball
2-0: Ball
3-0: Called Strike
3-1: Called Strike
3-2: Strikes out swinging
Batting: LHB Josh Birkner 0-0: Called Strike
0-1: Ball
1-1: Called Strike
1-2: Ball
2-2: Strikes out looking
Bottom of the 1st over - 0 runs, 0 hits, 0 errors, 0 left on base; Scranton WB 1 - Fresno 0
TOP OF THE 2ND
Scranton WB RailRiders batting - Pitching for Fresno Grizzlies : RHP Andy Montelongo
Batting: SHB Ryan Buchbinder 0-0: Ball
1-0: Swinging Strike
1-1: Foul Ball, location: 2F
1-2: Ground out 1-3 (Groundball, 34S, EV 72.5 MPH)
Batting: RHB Mike Gifford 0-0: Ground out 6-3 (Groundball, 6MS, EV 81.9 MPH)
Batting: LHB Jose Lebron 0-0: Called Strike
0-1: Foul Ball, location: 2F
0-2: Strikes out looking
Top of the 2nd over - 0 runs, 0 hits, 0 errors, 0 left on base; Scranton WB 1 - Fresno 0
BOTTOM OF THE 2ND
Fresno Grizzlies batting - Pitching for Scranton WB RailRiders : LHP Omar Quinones
Batting: RHB Ramon Castellon 0-0: Called Strike
0-1: SINGLE (Groundball, 6MD, EV 102.5 MPH)
Batting: RHB Etsuro Hosokawa 0-0: Ball
1-0: Foul Ball, location: 2F
1-1: Ball
2-1: Swinging Strike
2-2: Ball
3-2: Foul Ball, location: 2F
3-2: Foul Ball, location: 2F
3-2: Strikes out swinging
Batting: RHB Sam Spohn 0-0: Ball
1-0: Ball
2-0: TRIPLE (Flyball, 89XD, EV 98.8 MPH)
Ramon Castellon scores
Batting: LHB Chris Cabrera 0-0: Called Strike
0-1: SINGLE (Groundball, 34D, EV 93.8 MPH)
Sam Spohn scores
Batting: LHB Bob Govella 0-0: Called Strike
Chris Cabrera steals 2nd base
0-1: Ball
1-1: Ball
2-1: Called Strike
2-2: Foul Ball, location: 2F
2-2: Strikes out looking
Batting: RHB Edgar Trejo 0-0: Swinging Strike
0-1: Ground out 6-3 (Groundball, 6, EV 108.1 MPH)
Bottom of the 2nd over - 2 runs, 3 hits, 0 errors, 1 left on base; Scranton WB 1 - Fresno 2
TOP OF THE 3RD
Scranton WB RailRiders batting - Pitching for Fresno Grizzlies : RHP Andy Montelongo
Batting: SHB Jose Vargas 0-0: Ball
1-0: SINGLE (Line Drive, 6D, EV 105.0 MPH)
Batting: RHB Josh Zoglmann 0-0: Called Strike
0-1: Swinging Strike
0-2: Foul Ball, location: 2F
0-2: Ball
1-2: Ball
2-2: Grounds into double play, 6-4-3 (Groundball, 6, EV 83.1 MPH)
Batting: SHB Jay Gagnon 0-0: DOUBLE (Groundball, 3L, EV 108.1 MPH)
Batting: RHB Andy Wasierski 0-0: Ball
1-0: Ball
2-0: Foul Ball, location: 2F
2-1: Foul Ball, location: 2F
2-2: Ground out 6-3 (Groundball, 6, EV 81.9 MPH)
Top of the 3rd over - 0 runs, 2 hits, 0 errors, 1 left on base; Scranton WB 1 - Fresno 2
BOTTOM OF THE 3RD
Fresno Grizzlies batting - Pitching for Scranton WB RailRiders : LHP Omar Quinones
Batting: LHB Danny Wolver 0-0: Ball
1-0: Fly out, F6 (Popup, 6MS, EV 65.0 MPH)
Batting: RHB Kyle Davis 0-0: Swinging Strike
0-1: Ground out 6-3 (Groundball, 6M, EV 86.2 MPH)
Batting: LHB Josh Birkner 0-0: Called Strike
0-1: TRIPLE (Flyball, 9LD, EV 113.1 MPH)
Batting: RHB Ramon Castellon 0-0: Called Strike
0-1: Ball
1-1: Ball
2-1: DOUBLE (Flyball, 89XD, EV 96.2 MPH)
Josh Birkner scores
Batting: RHB Etsuro Hosokawa 0-0: Called Strike
0-1: Foul Ball, location: 2F
0-2: Ball
1-2: Foul Ball, location: 2F
1-2: Foul Ball, location: 2F
1-2: Ball
2-2: TRIPLE (Line Drive, 78XD, EV 103.8 MPH)
Ramon Castellon scores
Batting: RHB Sam Spohn 0-0: Called Strike
0-1: Ball
1-1: Foul Ball, location: 2F
1-2: Foul Ball, location: 2F
1-2: Ball
2-2: Ball
3-2: Foul Ball, location: 2F
3-2: Strikes out looking
Bottom of the 3rd over - 2 runs, 3 hits, 0 errors, 1 left on base; Scranton WB 1 - Fresno 4
TOP OF THE 4TH
Scranton WB RailRiders batting - Pitching for Fresno Grizzlies : RHP Andy Montelongo
Batting: RHB Devon Utley 0-0: Ball
1-0: Ground out 1-3 (Groundball, 13, EV 66.9 MPH)
Batting: LHB Aaron Joyner 0-0: Fly out, F7 (Flyball, 7D, EV 101.9 MPH)
Batting: SHB Ryan Buchbinder 0-0: Ball
1-0: Swinging Strike
1-1: Foul Ball, location: 2F
1-2: Strikes out swinging
Top of the 4th over - 0 runs, 0 hits, 0 errors, 0 left on base; Scranton WB 1 - Fresno 4
BOTTOM OF THE 4TH
Fresno Grizzlies batting - Pitching for Scranton WB RailRiders : LHP Omar Quinones
Batting: LHB Chris Cabrera 0-0: Swinging Strike
0-1: Ball
1-1: Swinging Strike
1-2: Ball
2-2: SINGLE (Groundball, 4MD, EV 99.4 MPH)
Batting: LHB Bob Govella 0-0: Called Strike
0-1: Fielders Choice at 2nd, 4-6 (Groundball, 34D, EV 80.6 MPH)
Batting: RHB Edgar Trejo 0-0: Called Strike
Bob Govella is caught stealing 2nd base 2-4
0-1: Ball
1-1: Ball
2-1: Swinging Strike
2-2: Ball
3-2: Foul Ball, location: 2F
3-2: Foul Ball, location: 2F
3-2: Base on Balls
Batting: LHB Danny Wolver 0-0: Called Strike
0-1: Called Strike
0-2: Ball
1-2: Strikes out swinging
Bottom of the 4th over - 0 runs, 1 hit, 0 errors, 1 left on base; Scranton WB 1 - Fresno 4
TOP OF THE 5TH
Scranton WB RailRiders batting - Pitching for Fresno Grizzlies : RHP Andy Montelongo
Batting: RHB Mike Gifford 0-0: Ball
1-0: Called Strike
1-1: Called Strike
1-2: Foul Ball, location: 2F
1-2: Strikes out swinging
Batting: LHB Jose Lebron 0-0: Ball
1-0: Ball
2-0: SOLO HOME RUN (Flyball, 9D, EV 97.5 MPH), Distance : 387 ft
Batting: SHB Jose Vargas 0-0: Foul Ball, location: 2F
0-1: Ball
1-1: Foul Ball, location: 2F
1-2: Ball
2-2: SINGLE (Line Drive, 89S, EV 101.9 MPH)
Batting: RHB Josh Zoglmann 0-0: Ball
1-0: Fly out, F8 (Line Drive, 8RM, EV 104.4 MPH)
Batting: SHB Jay Gagnon 0-0: Ball
1-0: Ball
2-0: Swinging Strike
2-1: Ball
3-1: Foul Ball, location: 2F
3-2: Foul Ball, location: 2F
3-2: Base on Balls
Jose Vargas to second
Batting: RHB Andy Wasierski 0-0: Called Strike
0-1: Ball
1-1: Ball
2-1: Swinging Strike
2-2: Reached on error, E6 (Groundball, 56, EV 108.1 MPH)
Jose Vargas to third
Jay Gagnon to second
Batting: RHB Devon Utley 0-0: Called Strike
0-1: Ball
1-1: Ball
2-1: Foul Ball, location: 2F
2-2: Ball
3-2: Foul Ball, location: 2F
3-2: Base on Balls
Jose Vargas scores
Jay Gagnon to third
Andy Wasierski to second
Batting: LHB Aaron Joyner 0-0: Ball
1-0: Fly out, F8 (Flyball, 8RD, EV 98.8 MPH)
Top of the 5th over - 2 runs, 2 hits, 1 error, 3 left on base; Scranton WB 3 - Fresno 4
BOTTOM OF THE 5TH
Fresno Grizzlies batting - Pitching for Scranton WB RailRiders : LHP Omar Quinones
Pitching: RHP Joe Kimbrough
Batting: RHB Kyle Davis 0-0: Ground out 6-3 (Groundball, 6, EV 85.0 MPH)
Batting: LHB Josh Birkner 0-0: Foul Ball, location: 2F
0-1: Ball
1-1: Swinging Strike
1-2: Ball
2-2: Ground out 3-1 (Groundball, 34, EV 83.1 MPH)
Batting: RHB Ramon Castellon 0-0: Ball
1-0: Swinging Strike
1-1: Called Strike
1-2: Ground out 4-3 (Groundball, 4, EV 104.4 MPH)
Bottom of the 5th over - 0 runs, 0 hits, 0 errors, 0 left on base; Scranton WB 3 - Fresno 4
TOP OF THE 6TH
Scranton WB RailRiders batting - Pitching for Fresno Grizzlies : RHP Andy Montelongo
Batting: SHB Ryan Buchbinder 0-0: Called Strike
0-1: Called Strike
0-2: Fly out, F8 (Flyball, 78M, EV 90.6 MPH)
Batting: RHB Mike Gifford 0-0: Foul Ball, location: 2F
0-1: Called Strike
0-2: Strikes out swinging
Batting: LHB Jose Lebron 0-0: Fly out, F8 (Flyball, 8RM, EV 70.6 MPH)
Top of the 6th over - 0 runs, 0 hits, 0 errors, 0 left on base; Scranton WB 3 - Fresno 4
BOTTOM OF THE 6TH
Fresno Grizzlies batting - Pitching for Scranton WB RailRiders : RHP Joe Kimbrough
Batting: RHB Etsuro Hosokawa 0-0: Foul Ball, location: 2F
0-1: Ball
1-1: Ball
2-1: Called Strike
2-2: Strikes out swinging
Batting: RHB Sam Spohn 0-0: Ball
1-0: Ball
2-0: Ball
3-0: Base on Balls
Batting: LHB Chris Cabrera 0-0: Foul Ball, location: 2F
0-1: Ball
1-1: Called Strike
1-2: Foul Ball, location: 2F
1-2: SINGLE (Line Drive, 4M, EV 106.2 MPH)
Sam Spohn to second
Batting: LHB Bob Govella 0-0: DOUBLE (Flyball, 8LXD, EV 99.4 MPH)
Sam Spohn scores
Chris Cabrera to third
Batting: RHB Edgar Trejo 0-0: Called Strike
0-1: Swinging Strike
0-2: Fly out, F8 (Flyball, 8LD, EV 80.6 MPH)
Runner from 3rd tags up, OUT at HOME! 8-2
Bottom of the 6th over - 1 run, 2 hits, 0 errors, 1 left on base; Scranton WB 3 - Fresno 5
TOP OF THE 7TH
Scranton WB RailRiders batting - Pitching for Fresno Grizzlies : RHP Andy Montelongo
Batting: SHB Jose Vargas 0-0: Ball
1-0: Foul Ball, location: 2F
1-1: Swinging Strike
1-2: Ball
2-2: Ground out U3 (Groundball, 3L, EV 110.0 MPH)
Pitching: LHP Curt Joseph
Batting: RHB Josh Zoglmann 0-0: Ball
1-0: Ball
2-0: Called Strike
2-1: Called Strike
2-2: Strikes out looking
Batting: SHB Jay Gagnon 0-0: Foul Ball, location: 2F
0-1: Ball
1-1: Swinging Strike
1-2: Ball
2-2: Ball
3-2: Foul Ball, location: 2F
3-2: Foul Ball, location: 2F
3-2: Foul Ball, location: 2F
3-2: Fly out, F8 (Line Drive, 8RS, EV 91.2 MPH)
Top of the 7th over - 0 runs, 0 hits, 0 errors, 0 left on base; Scranton WB 3 - Fresno 5
BOTTOM OF THE 7TH
Fresno Grizzlies batting - Pitching for Scranton WB RailRiders : RHP Joe Kimbrough
Batting: LHB Danny Wolver 0-0: Called Strike
0-1: Ball
1-1: Called Strike
1-2: Ground out 6-3 (Groundball, 6, EV 81.9 MPH)
Batting: RHB Kyle Davis 0-0: Called Strike
0-1: Called Strike
0-2: Ball
1-2: Ball
2-2: Ball
3-2: Foul Ball, location: 2F
3-2: Base on Balls
Batting: LHB Josh Birkner 0-0: Ball
1-0: Ball
2-0: Called Strike
2-1: Ball
3-1: SINGLE (Line Drive, 78S, EV 98.1 MPH)
Kyle Davis to second
Batting: RHB Ramon Castellon 0-0: Ball
1-0: Called Strike
1-1: Grounds into double play, 4-6-3 (Groundball, 4, EV 95.0 MPH)
Bottom of the 7th over - 0 runs, 1 hit, 0 errors, 1 left on base; Scranton WB 3 - Fresno 5
TOP OF THE 8TH
Scranton WB RailRiders batting - Pitching for Fresno Grizzlies : LHP Curt Joseph
Batting: RHB Andy Wasierski 0-0: Called Strike
0-1: Foul Ball, location: 2F
0-2: Strikes out looking
Batting: RHB Devon Utley 0-0: Ball
1-0: Ball
2-0: Ball
3-0: Base on Balls
Pinch Hitting: RHB Jerry Castro 0-0: Grounds into double play, 6-4-3 (Groundball, 6M, EV 103.1 MPH)
Top of the 8th over - 0 runs, 0 hits, 0 errors, 0 left on base; Scranton WB 3 - Fresno 5
BOTTOM OF THE 8TH
Fresno Grizzlies batting - Pitching for Scranton WB RailRiders : RHP Joe Kimbrough
Pitching: LHP Jay Turpin
Now in RF: Mike Plugge
Batting: RHB Etsuro Hosokawa 0-0: Ball
1-0: Ball
2-0: Called Strike
2-1: Ball
3-1: Base on Balls
Batting: RHB Sam Spohn 0-0: Sac Bunt to 13 - play at first, batter OUT! 1-3
Etsuro Hosokawa to second
Batting: LHB Chris Cabrera 0-0: Ball
1-0: Ball
2-0: Foul Ball, location: 2F
2-1: Ball
3-1: SINGLE (Groundball, 6M, EV 98.1 MPH)
Etsuro Hosokawa to third
Runner from 3rd tries for Home, SAFE, throw by CF to home
Batting: LHB Bob Govella 0-0: Ball
1-0: Ball
2-0: Fly out, F7 (Flyball, 7D, EV 95.6 MPH)
Batting: RHB Edgar Trejo 0-0: Called Strike
0-1: Fielders Choice at 2nd, 5-4 (Groundball, 5L, EV 85.6 MPH)
Bottom of the 8th over - 1 run, 1 hit, 0 errors, 1 left on base; Scranton WB 3 - Fresno 6
TOP OF THE 9TH
Scranton WB RailRiders batting - Pitching for Fresno Grizzlies : LHP Curt Joseph
Pitching: RHP Jordan Tejeda
Batting: SHB Ryan Buchbinder 0-0: Fly out, F8 (Flyball, 8LD, EV 101.2 MPH)
Batting: RHB Mike Gifford 0-0: Foul Ball, location: 2F
0-1: Ball
1-1: Foul Ball, location: 2F
1-2: Foul Ball, location: 2F
1-2: Ball
2-2: Foul Ball, location: 2F
2-2: Ball
3-2: DOUBLE (Line Drive, 89D, EV 99.4 MPH)
Batting: LHB Jose Lebron 0-0: Foul Ball, location: 2F
0-1: Ground out 4-3 (Groundball, 4, EV 100.6 MPH)
Mike Gifford to third
Batting: SHB Jose Vargas 0-0: Ball
1-0: Ball
2-0: Ball
3-0: Base on Balls
Batting: RHB Josh Zoglmann 0-0: Ball
1-0: Ball
2-0: Ball
3-0: Base on Balls
Jose Vargas to second
Batting: SHB Jay Gagnon 0-0: Ball
1-0: Called Strike
1-1: Called Strike
1-2: Fly out, F9 (Flyball, 9LS, EV 89.4 MPH)
Top of the 9th over - 0 runs, 1 hit, 0 errors, 3 left on base; Scranton WB 3 - Fresno 6
Sunday, July 16th , 2023 - OOTP Baseball 24.6 Build 69